 Dungeon Crawl Stone Soup version 0.27.1-3-gb3d3a73c9e (webtiles) character file.

Game seed: 7420093948038857769

99 Slugbait the Ruffian (level 4, 0/44 HPs)
             Began as a Troll Monk on Oct 21, 2021.
             Was a Believer of Uskayaw.
             Slain by an orc (5 damage)
             ... on level 3 of the Dungeon.
             The game lasted 00:07:47 (1597 turns).

Slugbait the Ruffian (Troll Monk)                   Turns: 1597, Time: 00:07:48

Health: 0/44       AC:  4    Str: 19    XL:     4   Next: 45%
Magic:  3/3        EV: 10    Int:  6    God:    Uskayaw [**....]
Gold:   113        SH:  0    Dex: 13    Spells: 3/3 levels left

rFire    . . .     SeeInvis +   b - +2 dagger (venom)
rCold    . . .     Faith    .   (no shield)
rNeg     . . .     Spirit   .   a - +0 robe
rPois    .         Reflect  .   (helmet restricted)
rElec    .         Harm     .   (no cloak)
rCorr    .         Rampage  .   (gloves unavailable)
Will     .....                  (boots unavailable)
Stlth    ++........             (no amulet)
HPRegen  1.14/turn              k - ring of see invisible
MPRegen  0.08/turn              (no ring)

@: no status effects
A: large, unfitting armour, claws 3, regeneration 1, shaggy fur 1, tough skin 1
a: Renounce Religion, Stomp, Line Pass


You were on level 3 of the Dungeon.
You worshipped Uskayaw.
Uskayaw was noncommittal.
You visited 1 branch of the dungeon, and saw 3 of its levels.

You collected 113 gold pieces.

Inventory:

Hand Weapons
 b - a +2 dagger of venom (weapon)
Missiles
 e - 36 stones (quivered)
 o - 34 arrows
Armour
 a - a +0 robe (worn)
Jewellery
 k - a ring of see invisible (left claw)
Scrolls
 c - a scroll of immolation {unknown}
 d - a scroll of holy word {unknown}
 f - 2 scrolls of identify {unknown}
 g - a scroll of vulnerability {unknown}
 h - a scroll of silence {unknown}
 j - 2 scrolls of teleportation {unknown}
 n - a scroll of noise {unknown}
Potions
 i - 2 potions of curing {unknown}
 l - a potion of attraction {unknown}
 m - a potion of ambrosia {unknown}


   Skills:
 + Level 2.7 Fighting
 + Level 0.2 Short Blades
 + Level 3.2 Dodging
 + Level 1.2 Stealth
 + Level 4.0 Unarmed Combat


You had 3 spell levels left.
You didn't know any spells.
Your spell library contained the following spells:

 Spells                   Type           Power      Damage    Failure   Level
 Corona                   Hex            0%         N/A       45%         1
 Magic Dart               Conj           0%         1d3       45%         1
 Summon Small Mammal      Summ           0%         N/A       45%         1
 Ensorcelled Hibernation  Hex/Ice        0%         N/A       58%         2
 Searing Ray              Conj           0%         3d3       58%         2
 Call Canine Familiar     Summ           0%         N/A       83%         3
 Summon Guardian Golem    Hex/Summ       0%         N/A       83%         3
 Tukima's Dance           Hex            0%         N/A       83%         3
 Fulminant Prism          Conj/Hex       0%         3d6       99%         4


Dungeon Overview and Level Annotations

Branches:
Dungeon (3/15)

Altars:
Uskayaw

Shops:
D:2 :


Innate Abilities, Weirdness & Mutations

You are too large for most types of armour.
You have claws for hands.
Your natural rate of healing is unusually fast.
You are covered in fur. (AC +1)
You have tough skin. (AC +1)


Message History

You hit the orc.
The orc is lightly wounded.
The orc barely misses you. The orc closely misses you.
The orc hits you with a +0 dagger.
You hit the orc.
The orc is poisoned.
The orc is severely wounded.
The orc hits you with a +0 trident.
The orc hits you from afar with a +0 trident.
The orc hits you with a +0 dagger.
You hit the orc.
You kill the orc!
The orc priest casts a cantrip, but nothing happens.
The orc hits you from afar with a +0 trident!
You have reached level 4!
You closely miss the orc.
The orc is heavily wounded.
The orc closely misses you. The orc hits you but does no damage.
You closely miss the orc priest.
You kill the orc!
The orc barely misses you. The orc priest hits you with a +0 mace.
You hit the orc priest.
The orc priest is poisoned.
The orc priest is moderately wounded.
The orc hits you but does no damage. The orc priest hits you with a +0 mace.
You can now pass through a line of other dancers.
You hit the orc priest.
The orc priest looks as sick as possible!
The orc priest is moderately wounded.
The orc barely misses you. The orc priest hits you with a +0 mace.
You hit the orc priest.
The orc priest looks as sick as possible!
The orc priest is severely wounded.
The orc hits you from afar with a +0 trident.
The orc priest invokes the aid of Beogh against you.
Beogh smites you!
* * * LOW HITPOINT WARNING * * *
You kill the orc priest!
Your Unarmed Combat skill increases to level 4!
Items here: )) [[ †.
The orc hits you from afar with a +0 trident.
You die...

... #.. ##.## # #...
#.#. #..# #.(..#### #..#
#..o.###..# #..#)@....#
####.###.###.##
####....## ##.....###
#....##..###.##.....#
#)#####...#.###.###.....
#.†........>....# .#.##
#.#####.#.#.###.# . .# #
#.# #.#.#.# #... # . #
#.# #.#.#.# #.##..


You could see an orc.

Vanquished Creatures
  An orc priest (D:3)
  An adder (D:3)
  A worm (D:2)
  A dart slug (D:3)
  2 orcs (D:3)
  6 endoplasms
  2 giant cockroaches (D:2)
  5 hobgoblins
  3 jackals (D:1)
  6 kobolds
  A quokka (D:2)
  3 ball pythons
  5 bats (D:2)
  6 frilled lizards (D:1)
  6 goblins
  5 rats
54 creatures vanquished.

Notes
Turn   | Place    | Note
-------+----------+-------------------------------------------
     0 | D:1      | Slugbait the Troll Monk began the quest for the Orb.
     0 | D:1      | Reached XP level 1. HP: 22/22 MP: 0/0
   157 | D:1      | Reached XP level 2. HP: 29/29 MP: 1/1
   730 | D:2      | Found Wases's Book Shoppe.
   795 | D:2      | Reached XP level 3. HP: 29/36 MP: 2/2
   929 | D:2      | Found a faded altar of an unknown god.
   937 | D:2      | Became a worshipper of Uskayaw the Reveller
   937 | D:2      | Reached * piety under Uskayaw
   937 | D:2      | Reached ** piety under Uskayaw
  1591 | D:3      | Reached XP level 4. HP: 26/44 MP: 3/3
  1597 | D:3      | Reached skill level 4 in Unarmed Combat
  1597 | D:3      | Slain by an orc

Illustrated notes

Levels and vault maps discovered:
D:1:      sevenhm_arrival_forest_fort_small_3, layout_rooms
D:2:      kennysheep_six_static_rooms, layout_loops_ring, serial_shops, shop,
          serial_glass, glass_columns_a, glass_columns_a,
          ebering_ecumenical_altar_webs
D:3:      layout_loops_ring, skrybe_limestone_x

Skill      XL: |  1  2  3  4 |
---------------+-------------+-----
Dodging        | 3 |  3.2
Unarmed Combat | 4 |  4.0
Fighting       | |  2.7
Short Blades   | |  0.2
Stealth        | |  1.2

Action                   |  1- 3 |  4- 6 || total
-------------------------+-------+-------++-------
Melee: Unarmed           |   127 |       ||   127
       Dagger            |     8 |     5 ||    13
       Punch             |     2 |       ||     2
 Stab: Sleeping          |     2 |       ||     2
Armor: Robe              |    80 |     2 ||    82
Dodge: Dodged            |   110 |     3 ||   113
